 Dungeon Crawl Stone Soup version 0.32-a0-135-g14f8b2e1af (webtiles) character file.

Game seed: 18037075013043647451

363 Zoltraak the Poker (level 6, 0/4 HPs)
             Began as a Demonspawn Gladiator on Feb 10, 2024.
             Was an Initiate of Dithmenos.
             Slain by an ufetubus (4 damage)
             ... on level 5 of the Dungeon.
             The game lasted 00:20:42 (4639 turns).

Zoltraak the Poker (Demonspawn Gladiator)           Turns: 4639, Time: 00:20:43

Health: 0/4        AC:  3    Str: 16    XL:     6   Next: 39%
Magic:  8/8        EV: 13    Int:  8    God:    Dithmenos [......]
Gold:   224        SH:  4    Dex: 15    Spells: 7/7 levels left

rFire   . . .        a - +3 trident
rCold   + . .        (no shield)
rNeg    . . .        f - melded +0 chain mail
rPois   .            (helmet restricted)
rElec   .            (no cloak)
rCorr   .            q - +2 pair of gloves
SInv    .            (no boots)
Will    .....        o - amulet of faith
Stlth   +            x - ring of protection from cold
HPRegen 0.20/turn    (no ring)
MPRegen 0.22/turn

%: faith
@: maw-form
A: devouring maw, reduced hp, horns 1, magic regeneration, condensation shield
a: Begin Untransformation, Renounce Religion


You were on level 5 of the Dungeon.
You worshipped Dithmenos.
Dithmenos was noncommittal.
You were a creature with a mouth for a stomach.
You visited 1 branch of the dungeon, and saw 5 of its levels.

You collected 224 gold pieces.

Inventory:

Hand Weapons
 a - a +3 trident (weapon)
 l - a +2 short sword of draining
 n - a +0 whip
 r - a +0 dagger
Missiles
 d - 3 throwing nets (quivered)
 e - a javelin
 i - 26 stones
Armour
 b - a +0 leather armour
 c - a +0 helmet
 f - a +0 chain mail (melded)
 q - a +2 pair of gloves (worn)
 u - a +0 ring mail
Jewellery
 o - an amulet of faith (around neck)
 x - a ring of protection from cold (left hand)
Talismans
 E - a maw talisman (active)
Wands
 h - a wand of flame (19)
 y - a wand of mindburst (17)
Scrolls
 p - 2 scrolls of identify {unknown}
 s - 4 scrolls of noise {unknown}
 t - 2 scrolls of immolation {unknown}
 v - 2 scrolls of revelation
 A - 2 scrolls of torment
 B - a scroll of teleportation {unknown}
 C - a scroll of blinking {unknown}
Potions
 g - a potion of brilliance {unknown}
 j - a potion of curing {unknown}
 k - a potion of heal wounds {unknown}
 m - a potion of haste {unknown}
 w - a potion of enlightenment {unknown}
 z - a potion of degeneration {unknown}
 D - a potion of magic {unknown}


   Skills:
 * Level 3.0 Fighting
 * Level 5.0 Polearms
 + Level 1.9 Throwing
 + Level 2.2 Armour
 + Level 3.3 Dodging
 * Level 1.3 Spellcasting


You had 7 spell levels left.
You didn't know any spells.
Your spell library contained the following spells:

 Spells                   Type           Power      Damage    Failure   Level
 Sandblast                Erth           0%         2d4       36%         1
 Passwall                 Erth           0%         N/A       75%         3
 Stone Arrow              Conj/Erth      0%         3d7       75%         3
 Brom's Barrelling Bould  Conj/Erth      0%         2d3       98%         4


Dungeon Overview and Level Annotations

Branches:
Dungeon (5/15)
 Temple: D:4-7

Altars:
Dithmenos
Hepliaklqana

Shops:
D:1 =


Innate Abilities, Weirdness & Mutations

You are a creature with a mouth for a stomach.
Your midsection houses a second, enormous mouth.
Your maximum health is decreased, since you lack skill for your form.
You have a pair of small horns on your head.
You regenerate magic rapidly.
A meltable shield of frost defends you. (SH +4)


Message History

p - 2 scrolls labelled LYMULOUCVO (gained 1)
D - a lumpy ruby potion
There is an open door, spattered with blood here.
Items here: )) †††.
There is an open door here.
Found a maw talisman.
You see here a maw talisman.
E - a maw talisman You begin transforming.
You continue transforming. x3
You turn into a creature with a mouth for a stomach.
Your +0 chain mail melds into your body.
There is an open door here.
There is an open door here.
You see here a +0 falchion.
There is an open door here.
You see here an adder skeleton.
Found a stone staircase leading up.
You see here an adder skeleton.
There is an open door here.
You see here a +0 falchion.
There is a stone staircase leading down here.
You see here a +0 whip.
Done exploring.
Done exploring.
Done exploring.
Done exploring.
You see here a +0 whip.
There is a stone staircase leading down here.
You climb downwards.
There is a stone staircase leading up here.
An ufetubus comes into view.
Found a stone staircase leading down.
An ufetubus comes into view.
The ufetubus shouts!
You closely miss the ufetubus. You headbutt the ufetubus.
Your bite misses the ufetubus.
The ufetubus is heavily wounded.
The ufetubus hits you.
Ouch! That really hurt!
You die...

........# #.......#
........## #.......#
.........###.......#
.....................
........####..##.....
.........###.#...###.
#####.##.#.....###
#.##...##### #...W.##
#....5.......
#..#.5...#...
#.....#..# .
...#........ ###
#...#...>.
.......###. #.##.. .#


You could see 2 ufetubi.

Vanquished Creatures
  A howler monkey (D:4)
  2 bombardier beetles
  A jelly (D:4)
  A hound (D:4)
  2 orc wizards (D:3)
  A gnoll (D:4)
  3 adders
  A white imp (D:4)
  5 dart slugs
  3 ribbon worms
  5 orcs
  9 ball pythons
  6 endoplasms
  3 giant cockroaches
  2 goblins
  7 hobgoblins
  6 jackals
  11 kobolds
  5 quokkas
  3 bats
  3 frilled lizards
  6 rats
86 creatures vanquished.

Vanquished Creatures (collateral kills)
  2 hobgoblins (D:4)
2 creatures vanquished.

Grand Total: 88 creatures vanquished

Notes
Turn   | Place    | Note
-------+----------+-------------------------------------------
     0 | D:1      | Zoltraak the Demonspawn Gladiator began the quest for the
                  | Orb.
     0 | D:1      | Reached XP level 1. HP: 16/16 MP: 1/1
   287 | D:1      | Found Fegg's Jewellery Shoppe.
   352 | D:1      | Gained mutation: You regenerate magic rapidly. [demonic
                  | ancestry]
   352 | D:1      | Reached XP level 2. HP: 9/22 MP: 2/2
   575 | D:1      | Reached skill level 3 in Polearms
   644 | D:1      | Found a faded altar of an unknown god.
   947 | D:2      | Gained mutation: You have a pair of small horns on your
                  | head. [demonic ancestry]
   947 | D:2      | Reached XP level 3. HP: 18/27 MP: 3/3
  1771 | D:3      | Reached XP level 4. HP: 29/33 MP: 4/4
  2078 | D:3      | Reached skill level 4 in Polearms
  2093 | D:3      | Reached skill level 1 in Armour
  2103 | D:3      | Reached XP level 5. HP: 28/39 MP: 5/5
  3646 | D:4      | Noticed a shadow
  3647 | D:4      | Found a shadowy altar of Dithmenos.
  3648 | D:4      | Found a hazy altar of Hepliaklqana.
  3677 | D:4      | Became a worshipper of Dithmenos the Shadowed
  3717 | D:4      | Reached skill level 1 in Spellcasting
  3717 | D:4      | Gained mutation: A meltable shield of frost defends you.
                  | (SH +4) [demonic ancestry]
  3717 | D:4      | Reached XP level 6. HP: 43/46 MP: 5/7
  4101 | D:4      | Reached skill level 5 in Polearms
  4623 | D:5      | Entered Level 5 of the Dungeon
  4639 | D:5      | Slain by an ufetubus

Illustrated notes

Levels and vault maps discovered:
D:1:      dpeg_arrival_windows_large_door, layout_loops_cross, serial_shops,
          shop, hellmonk_ecumenical_altar_defaced_shrine
D:2:      layout_basic, minmay_misc_feat_diagonals
D:3:      layout_basic, serial_rivers, chequers_serial_rivers_room_a,
          chequers_serial_rivers_micro_a, chequers_serial_rivers_room_a,
          chequers_serial_rivers_room_a, chequers_serial_rivers_room_a,
          portal_sewer_entry_a, kennysheep_path_1
D:4:      layout_basic, riverfiend_overflow_shadow_ancestor,
          minmay_divided_ellipse
D:5:      layout_rooms, serial_shops, shop

Skill      XL: |  1  2  3  4  5  6 |
---------------+-------------------+-----
Dodging        | 3 |  3.3
Polearms       | 3 4 5 |  5.0
Armour         | 1 2 |  2.2
Spellcasting   | 1 |  1.3
Fighting       | 3 |  3.0
Throwing       | |  1.9

Action                     |  1- 3 |  4- 6 || total
---------------------------+-------+-------++-------
  Melee: Trident           |   137 |   151 ||   288
         Headbutt          |     8 |    28 ||    36
         Punch             |     2 |     4 ||     6
    Use: Scroll            |       |     7 ||     7
 Armour: Chain mail        |   116 |   128 ||   244
         Leather armour    |     4 |       ||     4
         Skin              |       |     1 ||     1
  Dodge: Dodged            |    60 |    48 ||   108
  Block: Other             |       |     6 ||     6
   Form: Maw               |       |     1 ||     1

Table legend: (Time is in decaauts)
 A = Elapsed time spent in this place.
 B = Non-inter-level travel time spent in this place.
 C = Inter-level travel time spent in this place.
 D = Time resting spent in this place.
 E = Time spent auto-exploring this place.
 F = Levels seen in this place.
 G = Mean time per level.
                   A        B        C        D        E       F      G
               +--------+--------+--------+--------+--------+-----+--------+
         Total |   4672 |   4366 |    306 |      0 |   2998 |   5 |  934.4 |
       Dungeon |   4672 |   4366 |    306 |      0 |   2998 |   5 |  934.4 |
               +--------+--------+--------+--------+--------+-----+--------+

Top non-repeatable levels by time:
     D:4: 1712 daAuts
     D:3: 1301 daAuts
     D:2: 875 daAuts
     D:1: 767 daAuts
     D:5: 15 daAuts
